 Dungeon Crawl Stone Soup version 0.31.0-12-g77e489cdc1 (webtiles) character file.

Game seed: 283921187396245323

90 lordive the Ruffian (level 4, -1/26 HPs)
             Began as a Troll Shapeshifter on Feb 28, 2024.
             Slain by a gnoll
             ... wielding a +0 club
              (6 damage)
             ... on level 2 of the Dungeon.
             The game lasted 00:01:28 (1182 turns).

lordive the Ruffian (Troll Shapeshifter)            Turns: 1182, Time: 00:01:29

Health: -1/26      AC:  2    Str: 22    XL:     4   Next: 32%
Magic:  3/3        EV: 14    Int:  6    God:
Gold:   125        SH:  0    Dex: 11    Spells: 3/3 levels left

rFire   . .          .
                       - Unarmed
rCold   . . .        (shield currently unavailable)
rNeg    . . .        a - melded +0 animal skin
rPois   .            (helmet restricted)
rElec   .            (no cloak)
rCorr   .            (gloves unavailable)
SInv    .            (boots unavailable)
Will    +....        (no amulet)
Stlth   +            i - ring of willpower
HPRegen 1.04/turn    (no ring)
MPRegen 0.08/turn

%: no passive effects
@: flux-form, glowing
A: glow, contaminating, reduced hp, large, unfitting armour, claws 3,
regeneration 1, shaggy fur 1, tough skin 1
a: Begin Untransformation


You were on level 2 of the Dungeon.
You were something dangerously unstable.
You visited 1 branch of the dungeon, and saw 2 of its levels.

You collected 125 gold pieces.

Inventory:

Armour
 a - a +0 animal skin (melded)
Jewellery
 i - a ring of willpower (left claw)
Talismans
 c - a beast talisman
 d - a flux talisman (active)
Scrolls
 f - 2 scrolls of fog {unknown}
 g - a scroll of vulnerability {unknown}
 h - a scroll of identify {unknown}
Potions
 b - 2 potions of lignification
 e - a potion of resistance {unknown}
 j - 3 potions of curing {unknown}


   Skills:
 + Level 0.9 Fighting
 + Level 2.2 Dodging
 + Level 4.1 Unarmed Combat
 + Level 3.6 Shapeshifting


You had 3 spell levels left.
You didn't know any spells.
Your spell library contained the following spells:

 Spells                   Type           Power      Damage    Failure   Level
 Kiss of Death            Conj/Necr      0%         2d5       45%         1
 Confusing Touch          Hex            0%         N/A       83%         3
 Dimensional Bullseye     Hex/Tloc       0%         N/A       99%         4
 Dispel Undead            Necr           0%         3d6       99%         4
 Sticky Flame             Fire/Alch      0%         2d4       99%         4
 Plasma Beam              Fire/Air       0%         2x1d10    100%        6


Dungeon Overview and Level Annotations

Branches:
Dungeon (2/15)

Altars:


Innate Abilities, Weirdness & Mutations

You are something dangerously unstable.
You glow with magical radiation, making you easy to see and hit.
Foes you strike become dangerously contaminated with magical radiation.
Your maximum health is decreased, since you lack skill for your form.
You are incapable of wielding weapons or throwing items.
You are too large for most types of armour.
You have claws for hands.
Your natural rate of healing is unusually fast.
You are covered in fur. (AC +1)
You have tough skin. (AC +1)


Message History

You are too injured to fight recklessly!
You are too injured to fight recklessly!
You are too injured to fight recklessly!
You are too injured to fight recklessly!
You are too injured to fight recklessly!
You are too injured to fight recklessly!
You are too injured to fight recklessly!
You are too injured to fight recklessly!
Unknown command.
The gnoll hits you but does no damage. The gnoll attacks as it pursues you!
The gnoll misses you.
You claw the gnoll!
The gnoll begins to glow.
The gnoll is almost dead.
The gnoll closely misses you.
You claw the gnoll!
You kill the gnoll!
The gnoll hits you from afar with a +0 spear!
* * * LOW HITPOINT WARNING * * *
Your Unarmed Combat skill increases to level 4!
Things that are here:
a +0 club; a gnoll corpse You barely miss the gnoll.
The gnoll closely misses you.
You scratch the gnoll.
The gnoll begins to glow.
The gnoll is moderately wounded.
The gnoll closely misses you. The gnoll hits you with a +0 club.
* * * LOW HITPOINT WARNING * * *
You barely miss the gnoll.
The gnoll is moderately wounded.
The gnoll closely misses you. The gnoll barely misses you.
You scratch the gnoll.
The gnoll glows dangerously bright.
The gnoll is severely wounded.
You scratch the gnoll.
You kill the gnoll!
The gnoll barely misses you.
You claw the gnoll!
The gnoll begins to glow.
The gnoll is heavily wounded.
The gnoll hits you from afar with a +0 spear.
* * * LOW HITPOINT WARNING * * *
The gnoll hits you with a +0 club.
You die...

#......##......#
#...#####.###### #...#
#..# #...####.##
###......# #.....####
#..##..### #.####...#
## #p# ###.## #. ##g#
#..#### #. #Jg#
##))).####. #..#
####...##. .....
#######...... ....?...
#..........#.
#........##........<...
#........##..........#.
#........##.>........#.


You could see 2 gnolls and an endoplasm.

Vanquished Creatures
  5 gnolls (D:2)
  A dart slug (D:2)
  A ribbon worm (D:2)
  7 bats
  5 endoplasms
  3 giant cockroaches
  3 goblins (D:1)
  3 hobgoblins
  2 jackals (D:1)
  2 kobolds (D:2)
  2 frilled lizards
  5 rats
39 creatures vanquished.

Notes
Turn   | Place    | Note
-------+----------+-------------------------------------------
     0 | D:1      | lordive the Troll Shapeshifter began the quest for the Orb.
     0 | D:1      | Reached XP level 1. HP: 18/18 MP: 0/0
    17 | D:1      | Got the Reference Book on Doomed Ignition
   216 | D:1      | Reached XP level 2. HP: 15/26 MP: 1/1
   969 | D:2      | Reached XP level 3. HP: 15/32 MP: 2/2
  1109 | D:2      | Reached XP level 4. HP: 25/40 MP: 3/3
  1176 | D:2      | Reached skill level 4 in Unarmed Combat
  1182 | D:2      | Slain by a gnoll

Illustrated notes

Levels and vault maps discovered:
D:1:      dpeg_arrival_more_subterranean_lakeside_camping, layout_basic,
          minivault_14
D:2:      layout_rooms

Skill      XL: |  1  2  3  4 |
---------------+-------------+-----
Dodging        | 2 |  2.2
Unarmed Combat | 4 |  4.1
Fighting       | |  0.9
Shapeshifting  | |  3.6

Action                     |  1- 3 |  4- 6 || total
---------------------------+-------+-------++-------
  Melee: Unarmed           |   120 |    12 ||   132
 Armour: Skin              |    94 |     9 ||   103
  Dodge: Dodged            |   124 |     9 ||   133
   Form: Flux              |     1 |       ||     1
